 Dungeon Crawl Stone Soup version 0.17-a0-2118-g63bad21 (webtiles) character file.

1784 brucemayne the Cleaver (level 9, 0/70 HPs)
             Began as a Hill Orc Berserker on Oct 20, 2015.
             Was a Believer of Trog.
             Slain by a manticore (13 damage)
             ... on level 11 of the Dungeon.
             The game lasted 00:09:27 (1952 turns).

brucemayne the Cleaver (Hill Orc Berserker)         Turns: 1952, Time: 00:09:27

Health: 0/70       AC:  9    Str: 21    XL:     9   Next: 8%
Magic:  9/9        EV:  8    Int:  9    God:    Trog [**....]
Gold:   104        SH:  0    Dex: 10    Spells: 0 memorised, 8 levels left

rFire  . . .     SeeInvis .     a - +0 hand axe
rCold  . . .     Clarity  .     y - +0 chain mail
rNeg   . . .     SustAt   .     (no shield)
rPois  .         Gourm    .     (no helmet)
rElec  .         Spirit   .     (no cloak)
rCorr  .         Warding  .     (no gloves)
rMut   .         Stasis   .     B - +0 pair of boots
MR     .....                    (no amulet)
Stlth  ..........               (no ring)
                                (no ring)

@: lethally poisoned (0 -> -1), very slightly contaminated, not resistant to
hostile enchantments, extremely unstealthy
A: no striking features
a: Berserk, Trog's Hand, Burn Spellbooks, Renounce Religion


You were on level 11 of the Dungeon.
You worshipped Trog.
Trog was pleased with you.
You were hungry.

You visited 1 branch of the dungeon, and saw 11 of its levels.

You collected 104 gold pieces.

Inventory:

Hand Weapons
 a - a +0 hand axe (weapon)
 n - a +0 flail of protection
 p - a +0 quarterstaff of pain
 z - a +0 blowgun
Missiles
 t - 27 stones (quivered)
 u - 5 tomahawks
 A - 24 poisoned needles
Armour
 b - a +0 animal skin
 m - a +0 ring mail
 o - a +0 large shield
 y - a +0 chain mail (worn)
 B - a +0 pair of boots (worn)
Jewellery
 s - an uncursed ring of fire
Wands
 D - a wand of draining (11)
Scrolls
 d - a scroll of recharging
 e - a scroll of teleportation {unknown}
 f - a scroll of magic mapping {unknown}
 g - a scroll of fear {unknown}
 h - a scroll of immolation
 i - 2 scrolls of remove curse
 j - a scroll of blinking {unknown}
 x - a scroll of identify
 E - a scroll of noise {unknown}
 H - a scroll of silence {unknown}
Potions
 k - a potion of cure mutation {unknown}
 l - a potion of ambrosia {unknown}
 q - a potion of poison
 I - a potion of haste
Comestibles
 c - 3 bread rations
 r - a beef jerky
 v - a meat ration
 w - a slice of pizza
 F - a fruit
 G - 7 chunks of flesh


   Skills:
 - Level 3.6 Fighting
 + Level 14.5 Axes
 - Level 2.1 Armour
 - Level 1.5 Dodging


You had 8 spell levels left.
You didn't know any spells.

Dungeon Overview and Level Annotations

Branches:
Dungeon (11/15)              Lair (0/8) D:8
 Temple: D:4-7          Orc: D:9-12

Altars:
Kikubaaqudgha
Qazlal
Vehumet
Xom

Annotations:
D:7 Maurice
D:10 Grum


Message History

Your extra speed is starting to run out.
The cyclops throws a large rock.
The large rock barely misses you.
You see here 7 bolts.
You feel sick.
The cyclops throws a large rock.
The large rock hits you!
* * * LOW HITPOINT WARNING * * *
You see here 2 large rocks.
You open the door.
A manticore comes into view.
You feel yourself slow down.
Found a scroll labeled SISMAC WATRIK.
You feel sick.
Found an escape hatch in the ceiling.
There is an open door here.
Found a phial of floods.
The manticore bites you but does no damage.
The manticore claws you but does no damage.
The manticore barely misses you. The manticore bites you!
You die...

## #.. ####.#####
#####+##### #........#
#.........#####........#
#..<......'C.##.t.......
#......@H.##..#........#
#.........###.#....S...#
#.........# #.(S.(...C.#
#.....?...# ###........#
#.........# ##########
#.........# #.}.......#
###########


You could see a hill giant and a manticore.

Vanquished Creatures
  An unseen horror (D:10)
  2 yaks (D:10)
  2 wolves (D:10)
  A black bear (D:10)
  A centaur (D:7)
  An ogre (D:7)
  A big kobold (D:8)
  A scorpion (D:7)
  4 crimson imps
  A giant frog zombie (D:8)
  A hound (D:6)
  2 jellies
  2 orc wizards (D:7)
  An iguana (D:7)
  2 worker ants
  An adder (D:4)
  A shadow imp (D:9)
  An adder zombie (D:7)
  A giant gecko (D:2)
  7 orcs
  4 bats (D:2)
  6 jackals
  7 kobolds (D:8)
  A ball python (D:2)
  2 giant newts
  A goblin (D:1)
  A quokka (D:7)
  A quokka zombie (D:9)
  A rat (D:2)
58 creatures vanquished.

Notes
Turn   | Place    | Note
--------------------------------------------------------------
     0 | D:1      | brucemayne the Hill Orc Berserker began the quest for the Orb.
     0 | D:1      | Reached XP level 1. HP: 19/19 MP: 1/1
   196 | D:2      | Reached XP level 2. HP: 24/26 MP: 2/2
   306 | D:3      | Reached skill level 5 in Axes
   342 | D:2      | Found a shimmering altar of Xom.
   342 | D:2      | Found an ancient bone altar of Kikubaaqudgha.
   364 | D:4      | Found a stormy altar of Qazlal.
   364 | D:4      | Found a radiant altar of Vehumet.
   380 | D:4      | Reached XP level 3. HP: 31/31 MP: 3/3
   444 | D:5      | Entered Level 5 of the Dungeon
   460 | D:5      | Reached skill level 6 in Axes
   460 | D:5      | Reached XP level 4. HP: 39/39 MP: 4/4
   479 | D:5      | Reached ** piety under Trog
   631 | D:7      | Reached skill level 7 in Axes
   653 | D:7      | Noticed a centaur
   661 | D:7      | Noticed an ogre
   668 | D:7      | Killed a centaur
   668 | D:7      | Reached skill level 8 in Axes
   668 | D:7      | Reached XP level 5. HP: 24/45 MP: 5/5
   672 | D:7      | Killed an ogre
   672 | D:7      | Reached skill level 9 in Axes
   672 | D:7      | Reached XP level 6. HP: 29/51 MP: 6/6
   865 | D:8      | Reached skill level 10 in Axes
   865 | D:8      | Reached XP level 7. HP: 17/57 MP: 7/7
   971 | D:8      | Found a staircase to the Lair.
  1079 | D:8      | Noticed Maurice
  1353 | D:7      | Reached skill level 11 in Axes
  1662 | D:10     | Entered Level 10 of the Dungeon
  1662 | D:10     | Noticed a yak
  1665 | D:10     | Noticed a yak
  1666 | D:10     | Noticed a yak
  1725 | D:10     | Killed a yak
  1725 | D:10     | Reached XP level 8. HP: 64/64 MP: 8/8
  1729 | D:10     | Killed a yak
  1729 | D:10     | Reached skill level 12 in Axes
  1880 | D:10     | Killed an unseen horror
  1880 | D:10     | Reached skill level 13 in Axes
  1885 | D:10     | Reached skill level 14 in Axes
  1885 | D:10     | Reached XP level 9. HP: 38/70 MP: 9/9
  1911 | D:10     | Noticed Grum
  1928 | D:10     | Noticed a hill giant
  1939 | D:11     | Noticed a cyclops
  1939 | D:11     | Noticed a hill giant
  1948 | D:11     | Noticed a manticore
  1952 | D:11     | Slain by a manticore

Vault maps used:
D:1:      minmay_arrival_checkered_box
D:2:      nicolae_overflow_hidden_temple, grunt_ministairs_7,
          yredelemnul_altar_generic
D:3:      lemuel_coloured_pillars_altar
D:4:      grunt_temple_overflow_open, minmay_temple_entry_overgrown,
          serial_shops, shop, ashenzari_altar_1
D:5:      first_bread, basic_altar, portal_sewer_entry_f
D:6:      uniq_pikel
D:7:      minmay_opposing_rooms, serial_glass, glass_columns_b, glass_columns_b,
          grunt_ogre_cave
D:8:      lair_0_dummy, uniq_maurice
D:9:      okawaru_trees_1
D:10:     nrook_loot_triangle, uniq_grum
D:11:     hiddenorc2_lemuel, fedhas_altar_fruit_tree

Action                   |  1- 3 |  4- 6 |  7- 9 || total
-------------------------+-------+-------+-------++-------
Melee: Hand axe          |    56 |    65 |   177 ||   298
 Fire: Blowgun           |       |       |     2 ||     2
Invok: Berserk           |     3 |     4 |     3 ||    10
       Trog's Hand       |       |     2 |     5 ||     7
  Use: Scroll            |       |       |     4 ||     4
       Potion            |       |       |     3 ||     3
  Eat: Chunk             |     1 |     4 |     5 ||    10
       Pizza             |       |     1 |     1 ||     2
       Beef jerky        |       |       |     1 ||     1
